[Event "Skalica Open 2019"]
[Site "Skalica"]
[Date "2019.08.27"]
[Round "4.4"]
[White "Bochnicka, Vladimir"]
[Black "Potapov, Pavel"]
[Result "0-1"]
[ECO "B30"]
[WhiteElo "2193"]
[BlackElo "2496"]
[Annotator "ChessBase"]
[PlyCount "108"]
[EventDate "2019.08.25"]
[EventType "swiss"]
[EventCountry "SVK"]
[SourceTitle "playchess.com"]
[Source "ChessBase"]
[SourceQuality "1"]
[TimeControl "40/5400+30:1800+30"]

1. e4 c5 2. Nf3 Nc6 3. Nc3 e5 4. Bc4 Be7 5. d3 d6 6. O-O Nf6 7. Ng5 O-O 8. f4 exf4 9. Bxf4 Na5 10. Qd2 Nxc4 11. dxc4 Bg4 12. b3 Bh5 13. Rae1 Bg6 14. h3 Re8 15. Nf3 Qd7 16. Bg5 Nh5 17. Nh4 Bxg5 18. Qxg5 Re5 19. Qe3 Rae8 20. Nxg6 hxg6 21. Nd5 R8e6 22. b4 b6 23. bxc5 bxc5 24. g4 Nf6 25. Nxf6+ gxf6 26. Rf4 Qe7 27. Qf3 g5 28. Rf5 Rxe4 29. Rxe4 Rxe4 30. Rxf6 Rxc4 31. Qf2 Rxc2 32. Rg6+ fxg6 33. Qxc2 Qe3+ 34. Kg2 Kf7 35. Qc4+ Qe6 36. Qa6 Qe4+ 37. Kg3 Qe7 38. Qc4+ Kg7 39. Kg2 Qf7 40. Qc3+ Kh7 41. Qa5 Qe7 42. Qb5 Qc7 43. Qe8 c4 44. h4 gxh4 45. Qe4 c3 46. g5 c2 47. Qxh4+ Kg8 48. Qe4 c1=Q 49. Qxg6+ Kf8 50. Qh6+ Ke8 51. Qh8+ Kd7 52. Qh7+ Kc8 53. Qf5+ Qd7 54. Qf8+ Kc7 0-1

[Event "Skalica Open 2019"]
[Site "Skalica"]
[Date "2019.08.27"]
[Round "4.5"]
[White "Czebe, Attila"]
[Black "Komliakov, Viktor"]
[Result "1/2-1/2"]
[ECO "D00"]
[WhiteElo "2413"]
[BlackElo "2366"]
[Annotator "NA"]
[PlyCount "64"]
[EventDate "2019.08.25"]
[EventType "swiss"]
[EventCountry "SVK"]
[SourceTitle "playchess.com"]
[Source "ChessBase"]
[SourceQuality "1"]
[TimeControl "40/5400+30:1800+30"]

1. d4 d5 2. Bf4 Nf6 3. e3 e6 4. Bd3 c5 5. Nf3 Nc6 6. O-O Bd6 7. Bxd6 Qxd6 8. Nbd2 O-O 9. dxc5 Qxc5 10. e4 dxe4 11. Nxe4 Nxe4 12. Bxe4 Rd8 13. Qe2 Bd7 14. Rfd1 Be8 15. c3 h6 16. Rd3 Rxd3 17. Bxd3 Rd8 18. Rd1 g6 19. h3 Kg7 20. Be4 Rxd1+ 21. Qxd1 f5 22. Bc2 e5 23. Bb3 e4 24. Nd4 Nxd4 25. cxd4 Qd6 26. d5 Qe5 27. Qd2 b6 28. d6 Bd7 29. Qb4 Qc5 30. Qd2 g5 31. Qe2 Kf6 32. Qh5 Qc1+ 1/2-1/2

[Event "Skalica Open 2019"]
[Site "Skalica"]
[Date "2019.08.27"]
[Round "4.6"]
[White "Lanka, Zigurds"]
[Black "Danada, Tomas"]
[Result "1/2-1/2"]
[ECO "B13"]
[WhiteElo "2395"]
[BlackElo "2266"]
[Annotator "NA"]
[PlyCount "43"]
[EventDate "2019.08.25"]
[EventType "swiss"]
[EventCountry "SVK"]
[SourceTitle "playchess.com"]
[Source "ChessBase"]
[SourceQuality "1"]
[TimeControl "40/5400+30:1800+30"]

1. e4 c6 2. d4 d5 3. exd5 cxd5 4. c4 Nf6 5. Nc3 Nc6 6. Bg5 Ne4 7. cxd5 Nxc3 8. bxc3 Qxd5 9. Nf3 Bg4 10. Qb3 e6 11. Bc4 Qe4+ 12. Kf1 Bxf3 13. gxf3 Qxf3 14. Rg1 Bd6 15. Re1 O-O 16. Re3 Qh5 17. Be2 Qxh2 18. Bd3 Bf4 19. Rg2 Qh1+ 20. Rg1 Qh2 21. Rg2 Qh1+ 22. Rg1 1/2-1/2

[Event "Skalica Open 2019"]
[Site "Skalica"]
[Date "2019.08.27"]
[Round "4.7"]
[White "Aleksandrovskiy, Dmitriy"]
[Black "Manik, Mikulas"]
[Result "1/2-1/2"]
[ECO "B54"]
[WhiteElo "2284"]
[BlackElo "2374"]
[Annotator "NA"]
[PlyCount "45"]
[EventDate "2019.08.25"]
[EventType "swiss"]
[EventCountry "SVK"]
[SourceTitle "playchess.com"]
[Source "ChessBase"]
[SourceQuality "1"]
[TimeControl "40/5400+30:1800+30"]

1. e4 c5 2. Nf3 d6 3. d4 cxd4 4. Nxd4 Nf6 5. f3 Nc6 6. c4 e6 7. Nc3 Be7 8. Be3 O-O 9. Be2 d5 10. cxd5 exd5 11. Nxc6 bxc6 12. exd5 Nxd5 13. Nxd5 cxd5 14. O-O Bf6 15. Bd4 Rb8 16. b3 Re8 17. Re1 Bf5 18. Qd2 Bxd4+ 19. Qxd4 Qa5 20. Kf1 h6 21. Red1 Qc7 22. Qxd5 Qxh2 23. Qd4 1/2-1/2

[Event "Skalica Open 2019"]
[Site "Skalica"]
[Date "2019.08.27"]
[Round "4.9"]
[White "Kantorik, Marian"]
[Black "Kuznetsov, Mikhail V."]
[Result "0-1"]
[ECO "E32"]
[WhiteElo "2164"]
[BlackElo "2261"]
[Annotator "NA"]
[PlyCount "90"]
[EventDate "2019.08.25"]
[EventType "swiss"]
[EventCountry "SVK"]
[SourceTitle "playchess.com"]
[Source "ChessBase"]
[SourceQuality "1"]
[TimeControl "40/5400+30:1800+30"]

1. d4 Nf6 2. c4 e6 3. Nc3 Bb4 4. Qc2 O-O 5. e4 d6 6. Bg5 e5 7. d5 Nbd7 8. Bd3 h6 9. Bh4 g5 10. Bg3 Nh5 11. Nge2 Nc5 12. h4 Nf4 13. Bxf4 gxf4 14. O-O-O Kh7 15. f3 Rg8 16. Rdg1 Nxd3+ 17. Qxd3 Bc5 18. g4 Bxg1 19. Nxg1 a6 20. h5 Bd7 21. Kb1 b5 22. cxb5 axb5 23. Nxb5 Qb8 24. Nc3 Qb6 25. Nge2 Bc8 26. Nc1 Ba6 27. Qd2 Rgb8 28. Rh2 Bc4 29. Qe1 Qd4 30. Qd2 Qc5 31. Ka1 Rb4 32. Qf2 Qe3 33. Qxe3 fxe3 34. Kb1 Kg7 35. b3 Kf6 36. Kc2 Bf1 37. Rh1 e2 38. N1xe2 Bxe2 39. Nxe2 Rxa2+ 40. Kc3 Rb5 41. g5+ Kxg5 42. Rg1+ Kxh5 43. Ng3+ Kg5 44. Nf5+ Kf4 45. Nxh6 Kxf3 {[%emt 0:00:00] Kd4} 0-1

[Event "Skalica Open 2019"]
[Site "Skalica"]
[Date "2019.08.27"]
[Round "4.10"]
[White "Matejovic, Juraj"]
[Black "Khmelev, Mikhail"]
[Result "1-0"]
[ECO "C03"]
[WhiteElo "2237"]
[BlackElo "2021"]
[Annotator "NA"]
[PlyCount "97"]
[EventDate "2019.08.25"]
[EventType "swiss"]
[EventCountry "SVK"]
[SourceTitle "playchess.com"]
[Source "ChessBase"]
[SourceQuality "1"]
[TimeControl "40/5400+30:1800+30"]

1. e4 e6 2. d4 d5 3. Nd2 a5 4. Ngf3 a4 5. Bd3 c5 6. dxc5 Bxc5 7. O-O Nf6 8. e5 Nfd7 9. c4 d4 10. Ne4 Nc6 11. Re1 h6 12. Nd6+ Kf8 13. Nb5 Qb6 14. Bf4 a3 15. b3 Nb4 16. Re4 Ra5 17. h4 Rxb5 18. cxb5 Nd5 19. Bd2 g6 20. Rc1 Kg7 21. Qe1 Qa7 22. b4 Be7 23. Rxd4 N7b6 24. Qe4 Bd7 25. h5 g5 26. Qe2 Qa4 27. Rg4 Kf8 28. g3 Na8 29. Rd4 Nac7 30. Rxc7 Nxc7 31. Rxd7 Nd5 32. Rxb7 Qa8 33. Rd7 Ke8 34. Rxd5 Qxd5 35. Bc4 Qb7 36. g4 Kf8 37. Nd4 Kg7 38. Nc6 Qd7 39. Bc3 Rc8 40. Qf3 Bf8 41. Kg2 Kg8 42. Kg3 Bg7 43. Kg2 Bh8 44. Kf1 Bg7 45. Ke2 Bf8 46. Qe4 Qb7 47. Bd3 Bg7 48. Qh7+ Kf8 49. Bd4 1-0

[Event "Skalica Open 2019"]
[Site "Skalica"]
[Date "2019.08.27"]
[Round "4.12"]
[White "Jun, Rudolf Jr."]
[Black "Karas, Marek"]
[Result "1/2-1/2"]
[ECO "C05"]
[WhiteElo "2114"]
[BlackElo "2233"]
[Annotator "NA"]
[PlyCount "97"]
[EventDate "2019.08.25"]
[EventType "swiss"]
[EventCountry "SVK"]
[SourceTitle "playchess.com"]
[Source "ChessBase"]
[SourceQuality "1"]
[TimeControl "40/5400+30:1800+30"]

1. e4 e6 2. d4 d5 3. Nd2 Nf6 4. Bd3 c5 5. dxc5 dxe4 6. Nxe4 Nxe4 7. Bxe4 Qxd1+ 8. Kxd1 Bxc5 9. Ke2 f5 10. Bd3 Nc6 11. c3 e5 12. Nh3 h6 13. f3 Be6 14. Be3 Bxe3 15. Kxe3 O-O-O 16. Nf2 Ne7 17. Ke2 Nd5 18. g3 Rhe8 19. Rad1 Nf6 20. Bc2 Bc4+ 21. Ke1 e4 22. Rxd8+ Kxd8 23. fxe4 fxe4 24. b3 Bb5 25. c4 Bc6 26. Rf1 Kc7 27. Ke2 Kd6 28. Nd1 Bd7 29. Ne3 Re5 30. Rf4 Kc5 31. g4 Kb4 32. h3 Ka3 33. Kd2 Kb4 34. Rf1 a5 35. a3+ Kc5 36. Kc3 Kb6 37. Kd4 Re8 38. Nd5+ Nxd5 39. cxd5 e3 40. Re1 e2 41. Bd3 Bb5 42. Bc4 a4 43. Bxb5 Kxb5 44. bxa4+ Kb6 45. Kd3 Re5 46. Rxe2 Rxd5+ 47. Kc4 Rd7 48. Re5 Rf7 49. Re3 1/2-1/2

[Event "Skalica Open 2019"]
[Site "Skalica"]
[Date "2019.08.27"]
[Round "4.13"]
[White "Skalsky, Alexandr"]
[Black "Husek, Martin"]
[Result "1/2-1/2"]
[ECO "C58"]
[WhiteElo "2128"]
[BlackElo "2182"]
[Annotator "NA"]
[PlyCount "64"]
[EventDate "2019.08.25"]
[EventType "swiss"]
[EventCountry "SVK"]
[SourceTitle "playchess.com"]
[Source "ChessBase"]
[SourceQuality "1"]
[TimeControl "40/5400+30:1800+30"]

1. e4 e5 2. Nf3 Nc6 3. Bc4 Nf6 4. Ng5 d5 5. exd5 Na5 6. Bb5+ c6 7. dxc6 bxc6 8. Qf3 Be7 9. Bd3 h6 10. Ne4 Nd5 11. Ng3 g6 12. O-O O-O 13. Re1 Bd6 14. Nc3 Nb4 15. a3 Nxd3 16. Qxd3 Qc7 17. b4 Nb7 18. Qe3 g5 19. Nce4 f5 20. Nxd6 Nxd6 21. Bb2 Nc4 22. Qb3 Qf7 23. Bxe5 f4 24. Nf1 Be6 25. Bb2 Rae8 26. d3 f3 27. Rxe6 Rxe6 28. Qxc4 fxg2 29. Kxg2 Qf3+ 30. Kg1 Qxf2+ 31. Kh1 Qf3+ 32. Kg1 Qf2+ 1/2-1/2

[Event "Skalica Open 2019"]
[Site "Skalica"]
[Date "2019.08.27"]
[Round "4.14"]
[White "Gresova, Zuzana"]
[Black "Kapusta, Petr"]
[Result "0-1"]
[ECO "E90"]
[WhiteElo "2008"]
[BlackElo "2157"]
[Annotator "NA"]
[PlyCount "84"]
[EventDate "2019.08.25"]
[EventType "swiss"]
[EventCountry "SVK"]
[SourceTitle "playchess.com"]
[Source "ChessBase"]
[SourceQuality "1"]
[TimeControl "40/5400+30:1800+30"]

1. d4 Nf6 2. c4 g6 3. Nf3 Bg7 4. Nc3 O-O 5. e4 d6 6. Bg5 h6 7. Be3 Ng4 8. Be2 Nxe3 9. fxe3 Nc6 10. O-O e5 11. d5 Ne7 12. Rc1 b6 13. Kh1 f5 14. Bd3 g5 15. b4 a5 16. a3 axb4 17. axb4 f4 18. Qe1 Ng6 19. Nb5 g4 20. Nd2 Ra2 21. Rc2 Rxc2 22. Bxc2 Bd7 23. Nc3 Qg5 24. Nd1 g3 25. hxg3 fxg3 26. Rxf8+ Bxf8 27. Nf3 Qg4 28. Nc3 Nh4 29. Ng1 Ng6 30. Nf3 h5 31. Ne2 h4 32. Neg1 Qh5 33. Qf1 Bh6 34. Bd1 Bg4 35. Qe1 Nf8 36. Nh3 Nd7 37. Nhg1 Nf6 38. Bc2 Bd7 39. Nd2 Bxe3 40. Qxe3 Ng4 41. Bd1 Qh6 42. Qe2 Nf2+ 0-1

[Event "Skalica Open 2019"]
[Site "Skalica"]
[Date "2019.08.27"]
[Round "4.15"]
[White "Kalisky, Vladimir"]
[Black "Rakovsky, Jakub"]
[Result "1-0"]
[ECO "D02"]
[WhiteElo "2179"]
[BlackElo "1765"]
[Annotator "NA"]
[PlyCount "43"]
[EventDate "2019.08.25"]
[EventType "swiss"]
[EventCountry "SVK"]
[SourceTitle "playchess.com"]
[Source "ChessBase"]
[SourceQuality "1"]
[TimeControl "40/5400+30:1800+30"]

1. d4 d5 2. Nf3 e6 3. Bf4 Nf6 4. e3 c5 5. c3 Nc6 6. Bd3 c4 7. Bc2 b5 8. Nbd2 a5 9. O-O h6 10. e4 Bb7 11. exd5 Nxd5 12. Bg3 Bd6 13. Bxd6 Qxd6 14. a4 Ba6 15. axb5 Bxb5 16. Ba4 Ba6 17. Ne5 Nde7 18. Qf3 Rc8 19. Qxf7+ Kd8 20. Qxg7 Nxe5 21. Qxh8+ Kc7 22. Qxe5 1-0

[Event "Skalica Open 2019"]
[Site "Skalica"]
[Date "2019.08.27"]
[Round "4.16"]
[White "Kuna, Martin"]
[Black "Hrbek, Stepan"]
[Result "0-1"]
[ECO "B33"]
[WhiteElo "1969"]
[BlackElo "2066"]
[Annotator "NA"]
[PlyCount "78"]
[EventDate "2019.08.25"]
[EventType "swiss"]
[EventCountry "SVK"]
[SourceTitle "playchess.com"]
[Source "ChessBase"]
[SourceQuality "1"]
[TimeControl "40/5400+30:1800+30"]

1. e4 c5 2. Nf3 Nc6 3. d4 cxd4 4. Nxd4 Nf6 5. Nc3 e5 6. Ndb5 d6 7. Bg5 a6 8. Na3 b5 9. Nd5 Be7 10. Bxf6 Bxf6 11. c3 Bg5 12. Nc2 Rb8 13. a4 bxa4 14. Ncb4 Nxb4 15. Nxb4 Bd7 16. Qxd6 Be7 17. Qd2 Bxb4 18. cxb4 Qb6 19. O-O-O Be6 20. Qd6 Qxb4 21. Qxb4 Rxb4 22. Bxa6 Ke7 23. Rd2 Rxe4 24. f3 Rb4 25. Re1 f6 26. Re4 Rb6 27. Bd3 Ra8 28. Re3 a3 29. bxa3 Rxa3 30. Kd1 Rbb3 31. Ke2 Bc4 32. g4 g6 33. h4 Kf8 34. Rd1 f5 35. gxf5 gxf5 36. Rd2 Rxd3 37. Rexd3 Rxd3 38. Rxd3 e4 39. fxe4 fxe4 0-1

[Event "Skalica Open 2019"]
[Site "Skalica"]
[Date "2019.08.27"]
[Round "4.17"]
[White "Gasa, Patrik"]
[Black "Kovarikova, Maria"]
[Result "1-0"]
[ECO "A52"]
[WhiteElo "2187"]
[BlackElo "1854"]
[Annotator "NA"]
[PlyCount "71"]
[EventDate "2019.08.25"]
[EventType "swiss"]
[EventCountry "SVK"]
[SourceTitle "playchess.com"]
[Source "ChessBase"]
[SourceQuality "1"]
[TimeControl "40/5400+30:1800+30"]

1. d4 Nf6 2. c4 e5 3. dxe5 Ng4 4. Nf3 Bc5 5. e3 Nc6 6. Nc3 O-O 7. Be2 Ngxe5 8. O-O Kh8 9. Nxe5 Nxe5 10. f4 Nc6 11. Kh1 f5 12. e4 d6 13. Bd3 Nb4 14. Bb1 Rf6 15. Qh5 Be6 16. b3 Bd4 17. Bd2 Rh6 18. Qg5 Bf6 19. Qg3 Qd7 20. a3 Nc6 21. exf5 Bxf5 22. Bxf5 Qxf5 23. Rad1 Bh4 24. Qe3 Bf6 25. Nd5 Bd4 26. Qf3 Bb6 27. Bc3 Nd8 28. Rde1 Ne6 29. g4 Qf8 30. Rxe6 Rxe6 31. f5 Rh6 32. f6 gxf6 33. Nxf6 d5 34. Nxd5+ Kg8 35. Qxf8+ Rxf8 36. Ne7# {c6} 1-0

[Event "Skalica Open 2019"]
[Site "Skalica"]
[Date "2019.08.27"]
[Round "4.18"]
[White "Benes, Miroslav"]
[Black "Bilczewski, Kacper"]
[Result "0-1"]
[ECO "D45"]
[WhiteElo "2107"]
[BlackElo "2116"]
[Annotator "NA"]
[PlyCount "116"]
[EventDate "2019.08.25"]
[EventType "swiss"]
[EventCountry "SVK"]
[SourceTitle "playchess.com"]
[Source "ChessBase"]
[SourceQuality "1"]
[TimeControl "40/5400+30:1800+30"]

1. c4 c6 2. Nf3 d5 3. d4 Nf6 4. Nc3 e6 5. e3 Nbd7 6. Qc2 Bd6 7. g4 dxc4 8. Bxc4 Qe7 9. Bd2 Nb6 10. Bd3 Nbd5 11. a3 Nxc3 12. Bxc3 Nd5 13. Bd2 Bd7 14. Ne5 Bxe5 15. dxe5 Qg5 16. O-O-O Qxe5 17. e4 Nf4 18. Bc3 Qg5 19. Kb1 e5 20. h4 Qf6 21. Bc4 O-O-O 22. g5 Qe7 23. Bb4 c5 24. Bd5 b6 25. Bb3 Be6 26. Bc3 Bxb3 27. Qxb3 Rxd1+ 28. Rxd1 Rd8 29. Rxd8+ Kxd8 30. a4 Kc7 31. a5 Ne2 32. a6 Nxc3+ 33. bxc3 Qe6 34. c4 Qd7 35. Qf3 b5 36. Qc3 Qd1+ 37. Ka2 Qa4+ 38. Kb2 Qb4+ 39. Qxb4 cxb4 40. Kb3 bxc4+ 41. Kxc4 Kb6 42. Kxb4 Kxa6 43. Kc5 Ka5 44. h5 h6 45. gxh6 gxh6 46. Kd5 Kb4 47. Kxe5 a5 48. Kf6 a4 49. e5 a3 50. Kxf7 a2 51. e6 a1=Q 52. e7 Qa2+ 53. Kg7 Qe6 54. Kf8 Qf6+ 55. Ke8 Kc5 56. Kd7 Qc6+ 57. Kd8 Kd6 58. e8=N+ Ke6 0-1

[Event "Skalica Open 2019"]
[Site "Skalica"]
[Date "2019.08.27"]
[Round "4.19"]
[White "Chan, Naruna"]
[Black "Londin, Simon"]
[Result "0-1"]
[ECO "B22"]
[WhiteElo "1950"]
[BlackElo "2038"]
[Annotator "NA"]
[PlyCount "92"]
[EventDate "2019.08.25"]
[EventType "swiss"]
[EventCountry "SVK"]
[SourceTitle "playchess.com"]
[Source "ChessBase"]
[SourceQuality "1"]
[TimeControl "40/5400+30:1800+30"]

1. e4 c5 2. c3 g6 3. Nf3 Bg7 4. d4 cxd4 5. cxd4 d5 6. e5 Bg4 7. Bb5+ Nc6 8. Bxc6+ bxc6 9. Nbd2 e6 10. h3 Bf5 11. O-O Ne7 12. Re1 h6 13. Nb3 g5 14. Be3 Bg6 15. Rc1 O-O 16. Bd2 a5 17. Nc5 Qc7 18. h4 g4 19. Nh2 h5 20. Bg5 Nf5 21. Nxg4 hxg4 22. Qxg4 Kh8 23. h5 Bh7 24. Qf4 f6 25. exf6 Qxf4 26. fxg7+ Nxg7 27. Bxf4 Rxf4 28. h6 Nf5 29. Nxe6 Rg4 30. f3 Rg3 31. Kf2 Rag8 32. Ng7 Rg6 33. g4 Nxd4 34. Red1 Rxh6 35. Nh5 Nc2 36. a3 Rb8 37. Kg3 Rxb2 38. Rh1 Bg6 39. Nf6 Rxh1 40. Rxh1+ Kg7 41. g5 d4 42. Rh2 d3 43. Ng4 Rb5 44. f4 Rd5 45. Rd2 Nxa3 46. Ne3 Nb1 0-1

[Event "Skalica Open 2019"]
[Site "Skalica"]
[Date "2019.08.27"]
[Round "4.20"]
[White "Sefcik, Marek"]
[Black "Lhotska, Anna"]
[Result "1-0"]
[ECO "B53"]
[WhiteElo "2024"]
[BlackElo "1966"]
[Annotator "NA"]
[PlyCount "143"]
[EventDate "2019.08.25"]
[EventType "swiss"]
[EventCountry "SVK"]
[SourceTitle "playchess.com"]
[Source "ChessBase"]
[SourceQuality "1"]
[TimeControl "40/5400+30:1800+30"]

1. e4 c5 2. Nf3 d6 3. d4 cxd4 4. Qxd4 Nc6 5. Bb5 a6 6. Bxc6+ bxc6 7. c4 e6 8. Nc3 c5 9. Qd3 Bb7 10. O-O Qc7 11. Bf4 Rd8 12. Rad1 Be7 13. Rfe1 Nf6 14. h3 O-O 15. Qe3 Qb6 16. Rd2 Rd7 17. Red1 Rfd8 18. b3 Qc6 19. Re2 Bf8 20. Bg5 Be7 21. Bh4 Qc8 22. Rde1 Qa8 23. Na4 Rc7 24. Nd2 Bc6 25. Nc3 Qb7 26. Bg3 Rcd7 27. f3 h6 28. Bf2 Nh5 29. f4 Bf6 30. g3 Bd4 31. Qd3 Bf6 32. Nf1 Bxc3 33. Qxc3 Nf6 34. Qc2 Rc7 35. Nh2 a5 36. Nf3 d5 37. exd5 exd5 38. Ne5 d4 39. Nxc6 Qxc6 40. Qd3 Rb8 41. g4 Rcc8 42. Bh4 Ne8 43. Re7 Rc7 44. Qe4 Qxe4 45. R1xe4 Rcc8 46. Ra7 Ra8 47. Ree7 f6 48. Be1 a4 49. bxa4 Rxa7 50. Rxa7 Nd6 51. a5 Nxc4 52. Rd7 Rc6 53. Rd5 Ne3 54. Rd7 Nc2 55. Bd2 c4 56. Kf2 d3 57. Bc3 Re6 58. g5 hxg5 59. fxg5 Kf8 60. g6 Re2+ 61. Kf3 Re3+ 62. Kf4 Re6 63. Rf7+ Ke8 64. Rxg7 Kf8 65. Rd7 Re2 66. a6 Rf2+ 67. Kg3 Re2 68. a7 Re8 69. h4 Ne3 70. Rb7 Nd5 71. Rb8 Nc7 72. Bb4+ 1-0

[Event "Skalica Open 2019"]
[Site "Skalica"]
[Date "2019.08.27"]
[Round "4.21"]
[White "Krakovsky, Peter"]
[Black "Petkevich, Denis"]
[Result "1/2-1/2"]
[ECO "A16"]
[WhiteElo "1000"]
[BlackElo "1863"]
[Annotator "NA"]
[PlyCount "43"]
[EventDate "2019.08.25"]
[EventType "swiss"]
[EventCountry "SVK"]
[SourceTitle "playchess.com"]
[Source "ChessBase"]
[SourceQuality "1"]
[TimeControl "40/5400+30:1800+30"]

1. c4 Nf6 2. Nc3 g6 3. g3 Bg7 4. Bg2 O-O 5. Nf3 d5 6. cxd5 Nxd5 7. O-O Nxc3 8. dxc3 c6 9. Bf4 Bg4 10. Qb3 Qb6 11. Be3 Qc7 12. Rfd1 Nd7 13. h3 Bxf3 14. exf3 Rad8 15. f4 Nb6 16. Bxb6 axb6 17. Rxd8 Rxd8 18. Rd1 e5 19. fxe5 Bxe5 20. Qc2 b5 21. Rd3 Kg7 22. Qd1 1/2-1/2

[Event "Skalica Open 2019"]
[Site "Skalica"]
[Date "2019.08.27"]
[Round "4.22"]
[White "Londin, Lukas Vojtech"]
[Black "Ivanov, Alexander"]
[Result "1/2-1/2"]
[ECO "B12"]
[WhiteElo "1415"]
[BlackElo "2473"]
[Annotator "ChessBase"]
[PlyCount "83"]
[EventDate "2019.08.25"]
[EventType "swiss"]
[EventCountry "SVK"]
[SourceTitle "playchess.com"]
[Source "ChessBase"]
[SourceQuality "1"]
[TimeControl "40/5400+30:1800+30"]

1. e4 c6 2. d4 d5 3. Bd3 dxe4 4. Bxe4 Nf6 5. Bf3 Bf5 6. Ne2 e6 7. Bf4 Nbd7 8. c4 Bb4+ 9. Nbc3 Ne4 10. O-O Nd6 11. b3 O-O 12. a3 Bxc3 13. Nxc3 Nf6 14. Re1 Bg6 15. d5 exd5 16. cxd5 c5 17. Rc1 a6 18. Na4 b6 19. b4 cxb4 20. axb4 b5 21. Nc5 Re8 22. Qd4 Qb6 23. Bxd6 Qxd6 24. Nb7 Qd7 25. d6 Rxe1+ 26. Rxe1 Re8 27. Rxe8+ Qxe8 28. h3 Bf5 29. Nc5 Bc8 30. Bg4 Bxg4 31. hxg4 Nd7 32. Nxd7 Qxd7 33. Qb6 Kf8 34. Qb8+ Qe8 35. Qc7 Qe1+ 36. Kh2 Qe5+ 37. g3 g6 38. Qc8+ Kg7 39. d7 Qd4 40. Kg1 Qd1+ 41. Kg2 Qd5+ 42. Kh2 1/2-1/2

[Event "Skalica Open 2019"]
[Site "Skalica"]
[Date "2019.08.27"]
[Round "4.23"]
[White "Skreko, Igor"]
[Black "Krupnova, Anna"]
[Result "1-0"]
[ECO "A22"]
[WhiteElo "1725"]
[BlackElo "1712"]
[Annotator "NA"]
[PlyCount "111"]
[EventDate "2019.08.25"]
[EventType "swiss"]
[EventCountry "SVK"]
[SourceTitle "playchess.com"]
[Source "ChessBase"]
[SourceQuality "1"]
[TimeControl "40/5400+30:1800+30"]

1. c4 e5 2. Nc3 Nf6 3. g3 c6 4. d4 exd4 5. Qxd4 d5 6. Bg5 Be7 7. Bg2 Be6 8. cxd5 cxd5 9. e3 Nc6 10. Qd2 O-O 11. Rd1 Qa5 12. Bxf6 Bxf6 13. Nge2 Rad8 14. Nf4 d4 15. Ncd5 Qxd2+ 16. Rxd2 dxe3 17. fxe3 Be5 18. Rf1 g5 19. Nxe6 fxe6 20. Rxf8+ Kxf8 21. Nc3 Rxd2 22. Kxd2 Ke7 23. b3 Kd7 24. Ne4 g4 25. Nc5+ Ke7 26. Nxb7 Nb4 27. a3 Nd5 28. Bxd5 exd5 29. Nc5 Bd6 30. b4 Bxc5 31. bxc5 Kd7 32. Kc3 a5 33. Kb3 Kc6 34. Ka4 Kxc5 35. Kxa5 Kc4 36. Kb6 Kd3 37. Kc5 Kxe3 38. Kxd5 Kf3 39. a4 Kg2 40. a5 Kxh2 41. a6 Kxg3 42. a7 Kh2 43. a8=Q g3 44. Qh8 g2 45. Qxh7+ Kg3 46. Qg6+ Kf2 47. Qf5+ Ke2 48. Qg4+ Kf2 49. Qf4+ Ke2 50. Qg3 Kf1 51. Qf3+ Kg1 52. Ke4 Kh2 53. Qf2 Kh1 54. Qh4+ Kg1 55. Kf3 Kf1 56. Qf2# 1-0

[Event "Skalica Open 2019"]
[Site "Skalica"]
[Date "2019.08.27"]
[Round "4.24"]
[White "Vlcek, Antonin"]
[Black "Palka, Miroslav"]
[Result "0-1"]
[ECO "B72"]
[WhiteElo "1686"]
[BlackElo "1869"]
[Annotator "NA"]
[PlyCount "80"]
[EventDate "2019.08.25"]
[EventType "swiss"]
[EventCountry "SVK"]
[SourceTitle "playchess.com"]
[Source "ChessBase"]
[SourceQuality "1"]
[TimeControl "40/5400+30:1800+30"]

1. e4 c5 2. Nf3 d6 3. d4 cxd4 4. Nxd4 Nf6 5. Nc3 g6 6. Be2 Bg7 7. Be3 O-O 8. Qd2 Nc6 9. f3 Nxd4 10. Bxd4 Be6 11. O-O Qa5 12. Rad1 Rfc8 13. a3 Bc4 14. Bxc4 Rxc4 15. b3 Nxe4 16. Nxe4 Qxd2 17. Rxd2 Rxd4 18. Rfd1 Rxd2 19. Rxd2 Rc8 20. c4 Bh6 21. Rd3 Rc6 22. Kf2 a6 23. a4 Bg7 24. f4 h6 25. g4 f5 26. gxf5 gxf5 27. Ng3 e6 28. Nh5 Kf7 29. h4 Bf8 30. Ng3 b5 31. cxb5 axb5 32. axb5 Rb6 33. Ne2 Rxb5 34. Nd4 Rd5 35. Ke2 Bg7 36. Nf3 Rxd3 37. Kxd3 e5 38. Kc4 e4 39. Nd4 Bxd4 40. Kxd4 Ke6 0-1

[Event "Skalica Open 2019"]
[Site "Skalica"]
[Date "2019.08.28"]
[Round "5.2"]
[White "Pechac, Jergus"]
[Black "Pulpan, Jakub"]
[Result "1/2-1/2"]
[ECO "D35"]
[WhiteElo "2471"]
[BlackElo "2397"]
[Annotator "ChessBase"]
[PlyCount "95"]
[EventDate "2019.08.25"]
[EventType "swiss"]
[EventCountry "SVK"]
[SourceTitle "playchess.com"]
[Source "ChessBase"]
[SourceQuality "1"]
[TimeControl "40/5400+30:1800+30"]

1. d4 Nf6 2. c4 e6 3. Nc3 d5 4. cxd5 Nxd5 5. e4 Nxc3 6. bxc3 c5 7. Rb1 Be7 8. Bb5+ Nd7 9. a4 O-O 10. Nf3 Nf6 11. Bd3 b6 12. O-O Bb7 13. Re1 Qc7 14. g3 Rad8 15. Qe2 h6 16. Bd2 Nd7 17. Rbc1 Rfe8 18. h4 Rc8 19. Ra1 Bd6 20. Kh2 cxd4 21. cxd4 e5 22. d5 Nc5 23. Be3 Nxd3 24. Qxd3 f5 25. a5 fxe4 26. Qxe4 Qf7 27. Red1 b5 28. Bxa7 Rc4 29. Qe3 Bxd5 30. a6 Bxf3 31. Rxd6 Qh5 32. Kg1 Rf8 33. Qb3 Kh8 34. Rd3 Qf5 35. Rxf3 Qxf3 36. Qxf3 Rxf3 37. Bb8 Rcc3 38. Bd6 Rc8 39. Bxe5 b4 40. Ra4 Ra3 41. Rxb4 Rxa6 42. Rb7 Rg6 43. Kg2 Rc5 44. f4 h5 45. Rf7 Kg8 46. Rf5 Rc2+ 47. Kh3 Re2 48. Rxh5 1/2-1/2

[Event "Skalica Open 2019"]
[Site "Skalica"]
[Date "2019.08.28"]
[Round "5.10"]
[White "Havelka, Ondrej"]
[Black "Istona, Martin"]
[Result "0-1"]
[ECO "A40"]
[WhiteElo "2112"]
[BlackElo "2235"]
[Annotator "NA"]
[PlyCount "90"]
[EventDate "2019.08.25"]
[EventType "swiss"]
[EventCountry "SVK"]
[SourceTitle "playchess.com"]
[Source "ChessBase"]
[SourceQuality "1"]
[TimeControl "40/5400+30:1800+30"]

1. d4 g6 2. c4 Bg7 3. Nc3 c5 4. d5 d6 5. e4 Nf6 6. Nge2 O-O 7. f3 e6 8. Ng3 exd5 9. cxd5 a6 10. a4 h5 11. Be2 h4 12. Nf1 Nbd7 13. Bg5 h3 14. g3 Qe8 15. Ne3 Nh7 16. Bf4 Ne5 17. O-O f5 18. exf5 g5 19. Bxe5 Bxe5 20. Ng4 Bd4+ 21. Kh1 Bxf5 22. Nh6+ Kg7 23. Nxf5+ Rxf5 24. Bd3 Re5 25. Qd2 Qh5 26. Ne4 Rd8 27. g4 Qf7 28. Rae1 Qxd5 29. Ng3 Rxe1 30. Qxe1 Qe5 31. Nf5+ Kh8 32. Nxd4 cxd4 33. Qb4 Rd7 34. Re1 Qf4 35. Be4 Nf6 36. Qxd4 d5 37. Qc3 dxe4 38. fxe4 Rd2 39. Qxh3+ Kg7 40. Qg3 Qxg3 41. hxg3 Rxb2 42. e5 Nxg4 43. Kg1 Kf7 44. Re4 Nf2 45. e6+ Ke7 0-1